 Dungeon Crawl Stone Soup version 0.26.0-45-g9c1d065592 (webtiles) character file.

Game seed: 10195909667355420737

(classic levelgen) 4248 thiole the Blocker (level 10, -19/63 HPs)
             Began as an Octopode Hedge Wizard on Jan 27, 2021.
             Was an Initiate of Gozag.
             Demolished by a large slime creature (41 damage)
             ... on level 5 of the Dungeon on Jan 28, 2021.
             The game lasted 00:57:20 (14012 turns).

thiole the Blocker (Octopode Hedge Wizard)         Turns: 14012, Time: 00:57:20

Health: -19/63     AC:  2    Str:  9    XL:     10   Next: 31%
Magic:  6/16       EV: 14    Int: 19    God:    Gozag
Gold:   320        SH:  9    Dex: 13    Spells: 11/17 levels left

rFire    . . .     SeeInvis .   b - +0 dagger (freeze)
rCold    + . .     Faith    .   g - +3 buckler
rNeg     . . .     Spirit   .   q - +1 hat
rPois    .         Reflect  .   (no amulet)
rElec    .         Harm     .   k - ring of wizardry
rCorr    .         Rampage  .   h - ring of protection from cold
Will     .....                  (no ring)
Stlth    +++.......             (no ring)
HPRegen  0.20/turn              (no ring)
MPRegen  0.15/turn              (no ring)
                                (no ring)
                                (no ring)

@: no status effects
A: almost no armour, stealthy swim, amphibious, 8 rings, constrict 8, camouflage
1, gelatinous body 1
a: Renounce Religion, Potion Petition, Call Merchant, Bribe Branch


You were on level 5 of the Dungeon.
You worshipped Gozag.
Gozag was aware of your devotion.
You visited 2 branches of the dungeon, and saw 10 of its levels.

You collected 442 gold pieces.
You paid 122 gold pieces to Gozag.

Inventory:

Hand Weapons
 a - a +2 hunting sling of flaming
 b - a +0 dagger of freezing (weapon)
Missiles
 j - 14 sling bullets
 p - 304 stones
 t - 15 javelins
Armour
 g - a +3 buckler (worn)
 q - a +1 hat (worn)
 B - a +0 kite shield
Jewellery
 c - an uncursed ring of ice
 h - a ring of protection from cold (right tentacle)
 k - a ring of wizardry (left tentacle)
 l - an uncursed ring of ice
Wands
 x - a wand of flame (8)
Scrolls
 d - 7 scrolls of teleportation
 m - a scroll of immolation {unknown}
 n - a scroll of enchant weapon {unknown}
 r - a scroll of identify
 s - 5 scrolls of remove curse
 y - a scroll of fog
Potions
 e - a potion of cancellation
 f - a potion of brilliance
 i - 2 potions of mutation {unknown}
 o - a potion of degeneration {unknown}
 w - 2 potions of might {unknown}
 z - 2 potions of attraction


   Skills:
 - Level 4.0 Fighting
 - Level 4.0 Short Blades
 - Level 2.0 Slings
 - Level 3.0 Dodging
 - Level 4.0 Stealth
 - Level 10.0 Shields
 - Level 4.0 Spellcasting
 - Level 3.0 Conjurations
 - Level 1.0 Summonings
 - Level 4.0 Necromancy
 - Level 1.0 Translocations
 - Level 4.0 Air Magic
 + Level 1.5 Earth Magic
 - Level 3.0 Poison Magic


You had 11 spell levels left.
You knew the following spells:

 Your Spells              Type           Power        Failure   Level
a - Magic Dart            Conj           60%          1%          1
b - Call Imp              Summ           7%           6%          2
c - Mephitic Cloud        Conj/Pois/Air  16%          4%          3

Your spell library contained the following spells:

 Spells                   Type           Power        Failure   Level
 Corona                   Hex            3%           6%          1
 Blink                    Tloc           N/A          6%          2
 Ensorcelled Hibernation  Hex/Ice        6%           9%          2
 Slow                     Hex            3%           9%          2
 Conjure Flame            Conj/Fire      9%           9%          3
 Dazzling Flash           Conj/Hex       18%          9%          3
 Confusing Touch          Hex            3%           16%         3
 Tukima's Dance           Hex            3%           16%         3
 Borgnjor's Vile Clutch   Necr/Erth      7%           43%         5
 Silence                  Hex/Air        5%           52%         5
 Shadow Creatures         Summ           N/A          99%         6


Dungeon Overview and Level Annotations

Branches:
Dungeon (9/15)             Temple (1/1) D:7            Lair (0/6) D:9
    Orc (0/2) D:9

Altars:
Ashenzari
Cheibriados
Dithmenos
Elyvilon
Fedhas
Gozag
Hepliaklqana
Kikubaaqudgha
Makhleb
Nemelex Xobeh
Okawaru
Qazlal
Sif Muna
Trog
Uskayaw
Vehumet
Wu Jian
Xom
Yredelemnul
Zin
The Shining One

Shops:
D:5 [

Annotations:
D:7 3 runed translucent doors, thiole's ghost, novice OpWz


Innate Abilities, Weirdness & Mutations

You cannot wear most types of armour.
You are very stealthy in the water. (Stealth+)
You are amphibious.
You can wear up to eight rings at the same time.
You can use your tentacles to constrict eight enemies at once.
Your skin changes colour to match your surroundings (Stealth+).
Your rubbery body absorbs attacks. (AC +1, EV +1)


Message History

Confirm with . or Enter, or press ? or * to list all spells.
A beastly little devil appears in a puff of flame.
Your crimson imp says, "Let's raise destruction!"
You block the large slime creature's attack.
Your crimson imp blinks!
Your white imp gestures at the large slime creature.
The puff of frost hits the large slime creature!
You swap places.
The large slime creature hits your crimson imp!!!
Your crimson imp dies!
Your white imp gestures at the large slime creature.
The puff of frost hits the large slime creature!
Your white imp gestures at the large slime creature.
The puff of frost hits the large slime creature!
Your white imp gestures at the large slime creature.
The puff of frost hits the large slime creature!
The large slime creature hits you!!!
Ouch! That really hurt!
You die...
Your body crumbles into a pile of gold.

#
##########################..
# ########.. # #......... #
#.#######. ########## #.# #)
##.......# #5# #. ##.#####.#
#.# #. ##.# #.#
############.# #. ...# #.#
#...@J.55....# #. #### #.#
#.############ ## # #.# #.#
#.# #.# #.# #.# #.# #.# #.#
#.# #.# #.# #.####.#


You could see a large slime creature, a friendly crimson imp (summoned) and a
friendly white imp (summoned).

Vanquished Creatures
  Maggie (D:6)
  A slime creature (D:5)
  Menkaure (D:7)
  A water moccasin (D:9)
  An ice beast (D:9)
  2 orc warriors
  An eye of draining (D:9)
  A hornet zombie (D:7)
  2 sky beasts
  5 ogres
  5 centaurs
  5 big kobolds (D:5)
  2 bullfrogs
  A gnoll sergeant (D:4)
  7 killer bees
  A scorpion (D:7)
  A howler monkey (D:7)
  A centaur zombie (D:6)
  2 hounds
  3 jellies
  4 orc wizards
  5 orc priests
  A centaur skeleton (D:7)
  Ijyb (D:4)
  4 iguanas
  5 worker ants
  A killer bee zombie (D:6)
  A hound zombie (D:5)
  2 hound skeletons
  Robin (D:2)
  11 gnolls
  21 adders
  2 white imps (D:5)
  An ufetubus (D:8)
  5 oozes
  An adder skeleton (D:7)
  2 worms (D:2)
  4 dart slugs
  2 leopard geckos
  30 orcs
  6 giant cockroaches
  17 goblins
  6 hobgoblins
  4 jackals (D:2)
  2 quokkas
  4 ball pythons
  4 bats
  3 frilled lizards
  A giant cockroach zombie (D:5)
  A jackal skeleton (D:5)
  14 kobolds
  A leopard gecko skeleton (D:8)
  A quokka skeleton (D:6)
  6 rats
218 creatures vanquished.

Vanquished Creatures (collateral kills)
  A hound (D:5)
  2 jellies (D:5)
  An adder (D:2)
  A worm (D:2)
5 creatures vanquished.

Vanquished Creatures (others)
  7 fungi (D:5)
  9 toadstools (D:5)
16 creatures vanquished.

Grand Total: 239 creatures vanquished

Notes
Turn   | Place    | Note
-------+----------+-------------------------------------------
     0 | D:1      | thiole the Octopode Hedge Wizard began the quest for the
                  | Orb.
     0 | D:1      | Reached XP level 1. HP: 11/11 MP: 4/4
    63 | D:1      | Reached skill level 1 in Fighting
   192 | D:1      | Reached XP level 2. HP: 12/18 MP: 0/6
   708 | D:1      | Reached skill level 1 in Shields
   864 | D:1      | Found a broken altar of Ashenzari.
  1193 | D:2      | Reached XP level 3. HP: 24/24 MP: 1/7
  1203 | D:2      | Learned a level 2 spell: Call Imp
  1207 | D:2      | Learned a level 3 spell: Mephitic Cloud
  1353 | D:2      | Reached skill level 2 in Shields
  1384 | D:2      | Reached XP level 4. HP: 6/29 MP: 0/8
  1574 | D:2      | Found a snail-covered altar of Cheibriados.
  2006 | D:2      | Reached skill level 3 in Shields
  2098 | D:2      | Noticed Robin
  2099 | D:2      | Reached skill level 1 in Air Magic
  2111 | D:2      | Killed Robin
  2204 | D:2      | Reached XP level 5. HP: 34/34 MP: 9/9
  2426 | D:2      | Found a shadowy altar of Dithmenos.
  2687 | D:2      | Found a sparkling altar of Nemelex Xobeh.
  2695 | D:2      | Found a hide-covered altar of Uskayaw.
  2882 | D:3      | Found a white marble altar of Elyvilon.
  2899 | D:3      | Became a worshipper of Elyvilon the Healer
  2930 | D:3      | Reached skill level 1 in Poison Magic
  3897 | D:3      | Reached XP level 6. HP: 39/39 MP: 10/10
  4044 | D:3      | Reached * piety under Elyvilon
  4329 | D:4      | Noticed Ijyb
  4338 | D:4      | Killed Ijyb
  4339 | D:4      | Reached skill level 1 in Slings
  4783 | D:4      | Reached XP level 7. HP: 35/45 MP: 2/11
  6133 | D:4      | You fall into a shaft and drop 1 floor!
  6133 | D:5      | Entered Level 5 of the Dungeon
  6414 | D:5      | Reached skill level 4 in Shields
  6482 | D:5      | Found Apre Fih's Armour Shoppe.
  6683 | D:5      | Reached ** piety under Elyvilon
  6736 | D:5      | Reached XP level 8. HP: 24/52 MP: 10/14
  7010 | D:5      | Noticed a slime creature
  8188 | D:6      | Reached skill level 1 in Necromancy
  8595 | D:6      | Reached XP level 9. HP: 52/58 MP: 10/15
  8667 | D:6      | Noticed Maggie
  8771 | D:6      | Killed Maggie
  8772 | D:6      | Reached skill level 5 in Shields
  9475 | D:7      | Reached *** piety under Elyvilon
  9760 | D:7      | Noticed Menkaure
  9767 | D:7      | Reached skill level 6 in Shields
  9996 | D:7      | Reached skill level 7 in Shields
 10957 | D:8      | Reached skill level 8 in Shields
 11704 | D:9      | Reached XP level 10. HP: 63/63 MP: 8/16
 11758 | D:9      | Found a staircase to the Lair.
 11820 | D:9      | Reached skill level 9 in Shields
 12046 | D:9      | HP: 2/63 [killer bee (7)]
 12414 | D:7      | Found a runed translucent gate.
 12415 | D:7      | Found a runed translucent gate.
 12416 | D:7      | Found a runed translucent gate.
 12418 | D:7      | Noticed thiole's ghost (novice OpWz)
 12850 | D:7      | Killed Menkaure
 12864 | D:7      | Found a staircase to the Ecumenical Temple.
 12873 | Temple   | Entered the Ecumenical Temple
 12886 | Temple   | Fell from the grace of Elyvilon
 12886 | Temple   | Became a worshipper of Gozag Ym Sagoz the Greedy
 13158 | D:7      | Found a shimmering blue altar of Sif Muna.
 13919 | D:5      | Reached skill level 10 in Shields
 13919 | D:5      | Reached skill level 1 in Earth Magic
 14012 | D:5      | Demolished by a large slime creature

Illustrated notes

Levels and vault maps discovered:
D:1:      wheals_arrival_shading, layout_loops_cross, ashenzari_altar_1
D:2:      layout_loops_cross, kennysheep_slug_shrine, minitemple,
          nicolae_dithmenos_through_a_glass_darkly, grunt_decor_cap, uniq_robin
D:3:      layout_loops_cross, old_standard_altar
D:4:      layout_loops_cross, nicolae_ru_the_path_less_chosen, serial_rivers,
          chequers_serial_rivers_room_a, chequers_serial_rivers_small_b,
          chequers_serial_rivers_large_b, chequers_serial_rivers_small_a,
          chequers_serial_rivers_large_a, chequers_serial_rivers_room_a,
          uniq_ijyb
D:5:      cheibrodos_fertilizer, layout_basic, serial_shops,
          nicolae_shop_statue_plus
D:6:      layout_loops_corners, minmay_misc_feat_x, uniq_maggie
D:7:      layout_gridville, kennysheep_little_box, minmay_temple_entry_arrows,
          gammafunk_ghost_necromancy, minmay_starry_boxes, uniq_menkaure
D:8:      layout_rooms
D:9:      layout_basic, lair_entry_dummy, orc_0_dummy, serial_shops,
          nicolae_shop_behind_doors
Temple:   zaba_magenta_temple

Skill      XL: |  1  2  3  4  5  6  7  8  9 10 |
---------------+-------------------------------+-----
Fighting       | 1 2 3 4 |  4.0
Shields        | 1 2 3 4 8 10 | 10.0
Air Magic      | 2 3 4 |  4.0
Poison Magic   | 2 3 |  3.0
Conjurations   | 2 3 |  3.0
Slings         | 2 |  2.0
Stealth        | 3 4 |  4.0
Spellcasting   | 4 |  4.0
Dodging        | 3 |  3.0
Short Blades   | 4 |  4.0
Necromancy     | 2 4 |  4.0
Earth Magic    | 1 |  1.5
Summonings     | |  1.0
Translocations | |  1.0

Action                   |  1- 3 |  4- 6 |  7- 9 | 10-12 || total
-------------------------+-------+-------+-------+-------++-------
Melee: Dagger            |    24 |    66 |   257 |     5 ||   352
       Constrict         |    10 |    17 |    53 |       ||    80
       Tentacles         |     5 |    10 |    58 |       ||    73
       Hunting sling     |       |       |       |     1 ||     1
 Fire: Hunting sling     |       |    96 |    37 |    94 ||   227
 Cast: Magic Dart        |    47 |    74 |   203 |    51 ||   375
       Call Imp          |       |     2 |       |    20 ||    22
       Mephitic Cloud    |       |     1 |    51 |     2 ||    54
Invok: Lesser Healing    |       |       |       |     1 ||     1
Evoke: Wand              |       |     8 |    17 |    11 ||    36
  Use: Potion            |       |     2 |     8 |     7 ||    17
       Scroll            |       |     2 |    12 |     5 ||    19
 Stab: Sleeping          |     3 |       |     3 |     4 ||    10
       Confused          |       |       |    11 |       ||    11
       Distracted        |       |       |     1 |       ||     1
Armor: Skin              |       |     8 |    16 |     3 ||    27
Dodge: Dodged            |    15 |    47 |   138 |    54 ||   254
Block: Buckler           |       |     6 |   109 |    47 ||   162
